 Dungeon Crawl Stone Soup version 0.29-a0-559-g359e09b9d1 (webtiles) character file.

Game seed: 14655633857165932133

623 DocClef the Covert (level 7, -1/60 HPs)
             Began as a Gnoll Delver on June 10, 2022.
             Was an Initiate of Okawaru.
             Slain by Edmund
             ... wielding a +3 dire flail of holy wrath
              (12 damage)
             ... on level 4 of the Dungeon.
             The game lasted 00:02:07 (2313 turns).

DocClef the Covert (Gnoll Delver)                   Turns: 2313, Time: 00:02:08

Health: -1/60      AC:  4    Str: 14    XL:     7   Next: 46%
Magic:  10/10      EV: 14    Int: 11    God:    Okawaru [......]
Gold:   62         SH:  0    Dex: 16    Spells: 11/11 levels left

rFire   . . .      SeeInvis .   h - +7 dagger of Sulphur {vorpal, rN+ Str+3 Int+2}
rCold   . . .      Faith    .   (no shield)
rNeg    + . .      Spirit   .   b - +0 leather armour
rPois   .          Reflect  .   (no helmet)
rElec   .          Harm     .   (no cloak)
rCorr   .          Rampage  .   j - +0 pair of gloves
Will    .....                   (no boots)
Stlth   ++++......              (no amulet)
HPRegen 0.20/turn               (no ring)
MPRegen 0.12/turn               (no ring)

@: attractive
A: fangs 1, strong nose, distributed training
a: Renounce Religion


You were on level 4 of the Dungeon.
You worshipped Okawaru.
Okawaru was noncommittal.
You visited 2 branches of the dungeon, and saw 3 of its levels.

You collected 62 gold pieces.

Inventory:

Hand Weapons
 a - a +0 short sword
 h - the +7 dagger of Sulphur (weapon) {vorpal, rN+ Str+3 Int+2}
   (You found it on level 5 of the Dungeon)

   It inflicts extra damage upon your enemies.
   Str:       It affects your strength (+3).
   Int:       It affects your intelligence (+2).
   rN:        It protects you from negative energy.
Armour
 b - a +0 leather armour (worn)
 j - a +0 pair of gloves (worn)
Wands
 g - a wand of digging (3)
 n - a wand of acid (7)
Scrolls
 c - a scroll of fog
 d - 2 scrolls of magic mapping
 e - 2 scrolls of fear
 f - 2 scrolls of silence {unknown}
 k - 3 scrolls of enchant armour {unknown}
 m - 2 scrolls of identify {unknown}
 o - a scroll of brand weapon {unknown}


   Skills:
 + Level 7.0 Fighting
 + Level 5.2 Short Blades
 + Level 2.5 Long Blades
 + Level 2.5 Axes
 + Level 2.5 Maces & Flails
 + Level 2.5 Polearms
 + Level 2.5 Staves
 + Level 2.5 Slings
 + Level 2.5 Bows
 + Level 2.5 Crossbows
 + Level 2.5 Throwing
 + Level 2.5 Armour
 + Level 5.2 Dodging
 + Level 9.9 Stealth
 + Level 2.5 Shields
 + Level 2.5 Unarmed Combat
 + Level 2.5 Spellcasting
 + Level 2.0 Conjurations
 + Level 2.0 Hexes
 + Level 2.0 Summonings
 + Level 2.0 Necromancy
 + Level 2.0 Translocations
 + Level 2.0 Transmutations
 + Level 2.0 Fire Magic
 + Level 2.0 Ice Magic
 + Level 2.0 Air Magic
 + Level 2.0 Earth Magic
 + Level 2.0 Poison Magic
 + Level 2.8 Invocations
 + Level 2.5 Evocations


You had 11 spell levels left.
You didn't know any spells.
Your spell library contained the following spells:

 Spells                   Type           Power      Damage    Failure   Level
 Frozen Ramparts          Ice            10%        1d3       41%         3
 Ice Form                 Ice/Tmut       5%         N/A       82%         4
 Summon Ice Beast         Ice/Summ       Unusable   N/A       N/A         4

Dungeon Overview and Level Annotations

Branches:
Dungeon (5/15)             Temple (1/1) D:5

Altars:
Ashenzari
Cheibriados
Dithmenos
Elyvilon
Fedhas
Gozag
Hepliaklqana
Kikubaaqudgha
Makhleb
Nemelex Xobeh
Okawaru
Qazlal
Ru
Sif Muna
Trog
Uskayaw
Vehumet
Xom
Zin
The Shining One

Annotations:
D:4 Dowan, Duvessa, Edmund


Innate Abilities, Weirdness & Mutations

You have very sharp teeth.
Your uncanny sense of smell can sniff out nearby items.
Your experience applies equally to all skills.


Message History

You hit the iguana. You bite the iguana, but do no damage.
The iguana is heavily wounded.
The iguana closely misses you.
You hit the iguana.
The iguana is almost dead.
The iguana closely misses you.
You hit the iguana.
You kill the iguana!
Okawaru accepts your kill.
Press: ? - help, v - describe, . - travel
Here: Edmund, wielding a +3 dire flail of holy wrath and wearing a +0 leather armour The floor.
It was a potion of attraction.
You feel attractive to monsters.
You hit the endoplasm.
You kill the endoplasm!
Okawaru accepts your kill.
You barely miss Edmund. Edmund misses you.
You barely miss Edmund. You barely miss Edmund. Edmund misses you.
You hit Edmund.
Edmund is lightly wounded.
Edmund hits you with a +3 dire flail of holy wrath!
* * * LOW HITPOINT WARNING * * *
You barely miss Edmund.
Edmund is lightly wounded.
Edmund hits you with a +3 dire flail of holy wrath!
* * * LOW HITPOINT WARNING * * *
It was a potion of heal wounds.
You feel much better.
Edmund hits you with a +3 dire flail of holy wrath!
You hit Edmund. Your punch misses Edmund.
Edmund is moderately wounded.
You puncture Edmund!
Edmund is heavily wounded.
Edmund hits you with a +3 dire flail of holy wrath!
* * * LOW HITPOINT WARNING * * *
You puncture Edmund!
Edmund is severely wounded.
Edmund hits you with a +3 dire flail of holy wrath!
You die...

#...... ....# ###
.......## ..##.#
.......J# #.## #.#
........# # #.
......@.## #.
....(.... ........#
.!......#### ######
#.....#.@@.##
##..... ##o##
####..########......
##...............
#.#######....... #..
#....... ##..
#....... ∆ ###
#....... ##......
#......


You could see Edmund.

Vanquished Creatures
  A centaur (D:5)
  Blork the orc (D:4)
  2 necrophages (D:5)
  2 scorpions (D:5)
  A howler monkey (D:5)
  2 hounds (D:5)
  4 iguanas
  An adder (D:4)
  A white imp (D:5)
  A worm (D:5)
  A dart slug (D:4)
  9 orcs
  4 endoplasms (D:4)
  2 goblins (D:4)
  3 quokkas
  A ball python (D:4)
  A kobold (D:4)
37 creatures vanquished.

Notes
Turn   | Place    | Note
-------+----------+-------------------------------------------
     0 | D:5      | Reached skill level 9 in Stealth
     0 | D:5      | DocClef the Gnoll Delver began the quest for the Orb.
     0 | D:5      | Reached XP level 1. HP: 23/23 MP: 1/1
     4 | D:5      | Identified the +7 dagger of Sulphur {vorpal, rN+ Str+3
                  | Int+2}
    13 | D:5      | Noticed a scorpion
    52 | D:5      | Noticed a hound
    63 | D:5      | Noticed a scorpion
    63 | D:5      | Noticed a necrophage
    76 | D:5      | Killed a hound
    77 | D:5      | Reached XP level 2. HP: 16/29 MP: 1/3
    77 | D:5      | Reached XP level 3. HP: 20/35 MP: 1/4
    87 | D:5      | Killed a scorpion
    88 | D:5      | Reached skill level 1 in Long Blades
    88 | D:5      | Reached skill level 1 in Axes
    88 | D:5      | Reached skill level 1 in Maces & Flails
    88 | D:5      | Reached skill level 1 in Polearms
    88 | D:5      | Reached skill level 1 in Staves
    88 | D:5      | Reached skill level 1 in Slings
    88 | D:5      | Reached skill level 1 in Bows
    88 | D:5      | Reached skill level 1 in Crossbows
    88 | D:5      | Reached skill level 1 in Throwing
    88 | D:5      | Reached skill level 1 in Armour
    88 | D:5      | Reached skill level 1 in Shields
    88 | D:5      | Reached skill level 1 in Unarmed Combat
    88 | D:5      | Reached skill level 1 in Spellcasting
    88 | D:5      | Reached skill level 1 in Conjurations
    88 | D:5      | Reached skill level 1 in Hexes
    88 | D:5      | Reached skill level 1 in Summonings
    88 | D:5      | Reached skill level 1 in Necromancy
    88 | D:5      | Reached skill level 1 in Translocations
    88 | D:5      | Reached skill level 1 in Transmutations
    88 | D:5      | Reached skill level 1 in Fire Magic
    88 | D:5      | Reached skill level 1 in Ice Magic
    88 | D:5      | Reached skill level 1 in Air Magic
    88 | D:5      | Reached skill level 1 in Earth Magic
    88 | D:5      | Reached skill level 1 in Poison Magic
    88 | D:5      | Reached skill level 1 in Invocations
    88 | D:5      | Reached skill level 1 in Evocations
    88 | D:5      | Reached XP level 4. HP: 10/41 MP: 1/5
   448 | D:4      | Noticed Duvessa
   452 | D:4      | Noticed Dowan
   713 | D:5      | Killed a necrophage
   714 | D:5      | Reached XP level 5. HP: 38/47 MP: 5/7
   956 | D:5      | Reached XP level 6. HP: 47/53 MP: 8/8
  1046 | D:5      | Reached skill level 5 in Short Blades
  1046 | D:5      | Reached skill level 5 in Dodging
  1227 | D:5      | Found a staircase to the Ecumenical Temple.
  1231 | D:5      | Reached XP level 7. HP: 59/59 MP: 10/10
  1251 | Temple   | Entered the Ecumenical Temple
  1748 | Temple   | Became a worshipper of Warmaster Okawaru
  2281 | D:4      | Noticed Edmund
  2281 | D:4      | Noticed Blork the orc
  2299 | D:4      | Killed Blork the orc
  2309 | D:4      | HP: 2/60 [Edmund/+3 dire flail of holy wrath (11)]
  2313 | D:4      | Slain by Edmund

Illustrated notes

Levels and vault maps discovered:
D:4:      layout_rooms, uniq_eustachio, uniq_duvessa, uniq_blork_the_orc,
          uniq_edmund
D:5:      layout_basic, temple_green, minmay_misc_feat_roman
Temple:   mainiacjoe_temple_big_plus

Skill      XL: |  1  2  3  4  5  6  7 |
---------------+----------------------+-----
Stealth        | |  9.9
Long Blades    | 1 2 |  2.5
Axes           | 1 2 |  2.5
Maces & Flails | 1 2 |  2.5
Polearms       | 1 2 |  2.5
Staves         | 1 2 |  2.5
Slings         | 1 2 |  2.5
Bows           | 1 2 |  2.5
Crossbows      | 1 2 |  2.5
Throwing       | 1 2 |  2.5
Armour         | 1 2 |  2.5
Shields        | 1 2 |  2.5
Unarmed Combat | 1 2 |  2.5
Spellcasting   | 1 2 |  2.5
Conjurations   | 1 2 |  2.0
Hexes          | 1 2 |  2.0
Summonings     | 1 2 |  2.0
Necromancy     | 1 2 |  2.0
Translocations | 1 2 |  2.0
Transmutations | 1 2 |  2.0
Fire Magic     | 1 2 |  2.0
Ice Magic      | 1 2 |  2.0
Air Magic      | 1 2 |  2.0
Earth Magic    | 1 2 |  2.0
Poison Magic   | 1 2 |  2.0
Invocations    | 1 2 |  2.8
Evocations     | 1 2 |  2.5
Short Blades   | 5 |  5.2
Dodging        | 5 |  5.2
Fighting       | 7 |  7.0

Action                   |  1- 3 |  4- 6 |  7- 9 || total
-------------------------+-------+-------+-------++-------
Melee: Dagger            |    18 |    56 |    49 ||   123
       Bite              |     1 |     3 |     2 ||     6
       Punch             |     1 |     1 |     1 ||     3
  Use: Potion            |     1 |       |     2 ||     3
 Stab: Sleeping          |     1 |     6 |     1 ||     8
Armor: Leather armour    |     1 |     4 |     7 ||    12
Dodge: Dodged            |    11 |    25 |    16 ||    52

Table legend: (Time is in decaauts)
 A = Elapsed time spent in this place.
 B = Non-inter-level travel time spent in this place.
 C = Inter-level travel time spent in this place.
 D = Time resting spent in this place.
 E = Time spent auto-exploring this place.
 F = Levels seen in this place.
 G = Mean time per level.
                   A        B        C        D        E       F      G
               +--------+--------+--------+--------+--------+-----+--------+
         Total |   2267 |   2176 |     91 |    478 |   1392 |   3 |  755.7 |
       Dungeon |   1731 |   1691 |     40 |    478 |    917 |   2 |  865.5 |
        Temple |    535 |    484 |     51 |      0 |    475 |   1 |  535.0 |
               +--------+--------+--------+--------+--------+-----+--------+

Top non-repeatable levels by time:
     D:5: 1519 daAuts
  Temple: 535 daAuts
     D:4: 212 daAuts
